Cogmind - Beta 15 @@@ ROGUE MODE // 2025.06.27 @ 12:36:14 Player: Crowsaint Result: Destroyed by G-47 Trooper with Particle Gun Performance ------------- Evolutions (2) 1000 Regions Visited (3) 600 Robots Destroyed (10) 50 Value Destroyed (292) 292 Prototype IDs (0) 0 Alien Tech Used (0) 0 Bonus (-58) -58 TOTAL SCORE: 1884 Bonus ------- Friendly Fire -58 Cogmind --------- Core Integrity 0/550 Matter 30/300 Energy 100/100 System Corruption 0% Temperature Cool (27) Movement Core (50) Location -8/Materials Parts ------- > --- POWER (1) -------- (None) > --- PROPULSION (4) --- (None) > --- UTILITY (4) ------ (None) > --- WEAPON (2) ------- (None) > --- INVENTORY (5) ---- Medium Laser Improved Light Cannon Peak State ------------ > --- POWER ------------ Light Ion Engine > --- PROPULSION ------- Aluminum Leg Aluminum Leg > --- UTILITY ---------- Small Storage Unit Medium Armor Plating > --- WEAPON ----------- Rocket Launcher Rocket Launcher > --- INVENTORY -------- Light Ion Engine Aluminum Leg Aluminum Leg Aluminum Leg Aluminum Leg Wheel Medium Laser Assault Rifle [Rating: 10] Favorites ----------- Power Light Ion Engine Engine Light Ion Engine Propulsion Aluminum Leg Leg Aluminum Leg Utility Small Storage Unit Storage Small Storage Unit Protection Medium Armor Plating Weapon Rocket Launcher Energy Gun Medium Laser Energy Cannon Subdweller Beam Cannon Ballistic Gun Assault Rifle Launcher Rocket Launcher Build | -11 -10 -10 -8 ------- Run | Yrd Mat Sub Mat Slots Evolved 4 | . . . 4 Power . | . . . . Propulsion 2 | . . . 2 Utility 2 | . . . 2 Weapon . | . . . . Parts Attached 16 | 6 1 3 6 Power 2 | 1 . 1 . Engine 2 | 1 . 1 . Core . | . . . . Reactor . | . . . . Propulsion 6 | 2 . . 4 Treads . | . . . . Leg 6 | 2 . . 4 Wheel . | . . . . Hover . | . . . . Flight . | . . . . Utility 2 | 1 1 . . Device . | . . . . Storage 1 | 1 . . . Processor . | . . . . Hackware . | . . . . Protection 1 | . 1 . . Artifact . | . . . . Weapon 6 | 2 . 2 2 Energy Gun 1 | 1 . . . Energy Cannon 1 | . . . 1 Ballistic Gun 1 | 1 . . . Ballistic Cannon . | . . . . Launcher 3 | . . 2 1 Special Weapon . | . . . . Impact Weapon . | . . . . Slashing Weapon . | . . . . Piercing Weapon . | . . . . Special Melee Weapon . | . . . . Unidentified Prototypes . | . . . . Parts Lost 15 | . . 1 14 Power 2 | . . 1 1 Propulsion 6 | . . . 6 Utility 2 | . . . 2 Weapon 5 | . . . 5 Highest Loss Streak 7 | . . 1 7 To Critical Strikes . | . . . . Average Backups 6 | 3 7 8 5 Power . | . 1 . . Propulsion 3 | 2 4 4 2 Utility . | . . . . Weapon 2 | . 2 2 3 Tool/Special . | . . . . Unused Backups 6 | . 4 . 2 Power . | . . . . Propulsion 4 | . 3 . 1 Utility . | . . . . Weapon 2 | . 1 . 1 Tool/Special . | . . . . Average Slot Usage (%) 73 | . 98 98 30 Engine 9 | . 14 12 3 Leg 21 | . 28 28 10 Storage 10 | . 14 14 5 Protection 9 | . 12 14 2 Energy Gun 2 | . 14 1 . Energy Cannon 1 | . . . 3 Ballistic Gun 3 | . 14 . 3 Launcher 12 | . . 26 1 Peak Build Rating 10 | 6 9 10 10 Average Rating 7 | 4 8 9 4 On Entrance 6 | . 6 9 10 Naked Turns 124 | . . . 124 Heaviest Build 25 | 12 19 23 25 Greatest Support 30 | 20 20 20 30 Greatest Overweight (x) 4 | 3 . 1 4 Average Overweight (x) . | . . . . Largest Inventory Capacity 8 | 8 8 8 8 Average Capacity 7 | 7 8 8 6 Most Carried 8 | 6 8 8 8 Average Carried 6 | 4 7 7 5 Final Capacity 8 | 8 8 8 5 Final Carried 8 | 6 8 8 2 Class Distribution -------------------- 100% | Mutant Dominant Class ---------------- Mutant | -10/Materials Mutant | -10/Subcaves Mutant | -8/Materials Resources | -11 -10 -10 -8 ----------- Run | Yrd Mat Sub Mat Matter Collected 225 | 209 . 16 . Remotely . | . . . . Salvage Created 131 | . . 100 31 Parts 16 | . . 10 6 Haulers Intercepted . | . . . . Recyclers Shooed . | . . . . Parts Field Recycled . | . . . . Retrieved Matter . | . . . . Parts Self-Destructed . | . . . . Prevented . | . . . . Kills | -11 -10 -10 -8 ------- Run | Yrd Mat Sub Mat Combat Hostiles Destroyed 9 | . . 5 4 AOE 9 | . . 5 4 Classes Destroyed 4 | . . 1 3 Builder 1 | . . . 1 Swarmer 3 | . . . 3 Grunt 1 | . . . 1 Subdweller 5 | . . 5 . Best Kill Streak 5 | . . 2 5 Combat Bots Only 4 | . . 2 4 Max Kills in Single Turn 3 | . . 2 3 Gunslinging . | . . . . Exploded 2 | . . 2 2 Melee . | . . . . Uniques/NPCs Destroyed . | . . . . Combat | -11 -10 -10 -8 -------- Run | Yrd Mat Sub Mat Hostile Shots Fired 162 | . . 22 140 Missed 51 | . . 9 42 Hits 111 | . . 13 98 Projectile 111 | . . 13 98 Critical Strikes 9 | . . . 9 Damage Taken 1923 | . 29 318 1576 Core 596 | . . 45 551 Absorbed by Shields . | . . . . Core Remaining (%) 91 | 100 . 82 . Volleys Fired 22 | . 4 10 8 Largest 2 | . 2 2 2 Hottest 100 | . 70 83 100 Shots Fired 42 | . 8 20 14 Gun 17 | . 8 4 5 Cannon 3 | . . . 3 Launcher 22 | . . 16 6 Special . | . . . . Kinetic 9 | . 4 . 5 Thermal 11 | . 4 4 3 Explosive 22 | . . 16 6 Electromagnetic . | . . . . Robot Hit Streak 4 | . 2 4 2 Robot Miss Streak 6 | . 4 2 6 Penetration Max . | . . . . Secondary Targets . | . . . . Shots Hit Robots 18 | . 3 10 5 Core Hits 28 | . . 11 17 Critical Kills . | . . . . Critical Parts Destroyed . | . . . . Critical Strikes 2 | . 1 1 . Burn 2 | . 1 1 . Melee Attacks . | . . . . Impact . | . . . . Slashing . | . . . . Piercing . | . . . . Sneak Attacks . | . . . . Combat Hostiles . | . . . . Follow-up Attacks . | . . . . Damage Inflicted 1526 | . 35 934 557 Guns 84 | . 35 24 25 Cannons 25 | . . . 25 Explosions 1341 | . . 910 431 Melee . | . . . . Ramming 76 | . . . 76 Kinetic 35 | . 10 . 25 Thermal 74 | . 25 24 25 Explosive 1341 | . . 910 431 Electromagnetic . | . . . . Impact . | . . . . Slashing . | . . . . Piercing . | . . . . Highest Corruption . | . . . . Average Corruption . | . . . . Corruption Purged . | . . . . Corruption Blocked . | . . . . Overload Shots . | . . . . Overflow Damage . | . . . . Projectiles . | . . . . Explosions . | . . . . Melee . | . . . . Knockbacks . | . . . . Impact . | . . . . Kinetic . | . . . . Secondary . | . . . . Self-Inflicted Damage 264 | . . 64 200 Shots 8 | . . 3 5 Rammed 10 | . . . 10 Targets Rammed 24 | . . . 24 Kicked 14 | . . . 14 Crushed . | . . . . Highest Temperature 60 | . 18 . 60 Average Temperature 15 | . 9 . 21 Received Heat Transfer 825 | . . 42 783 Siege Activations . | . . . . Martial Activations . | . . . . Shielding Activations . | . . . . Robots Disrupted . | . . . . Combat Hostiles . | . . . . Robots Corrupted . | . . . . Combat Hostiles . | . . . . Parts Fried . | . . . . Impact Corruptions . | . . . . Robots Melted . | . . . . Combat Hostiles . | . . . . Parts Melted . | . . . . Heat Transferred 333 | . 148 148 37 Parts Sabotaged . | . . . . Parts Stolen . | . . . . Parts Stripped . | . . . . Power Chain Reactions . | . . . . Alert | -11 -10 -10 -8 ------- Run | Yrd Mat Sub Mat Maximum Alert Level . | . . . . Low Security (%) 100 | 100 100 . 100 Level 1 . | . . . . Level 2 . | . . . . Level 3 . | . . . . Level 4 . | . . . . Level 5 . | . . . . High Security . | . . . . Max Security . | . . . . Peak Influence 184 | . . . 184 Initial . | . . . . Average 30 | . . . 50 Influence Increases 338 | . 4 . 334 Destroy 0b10 Robot/C 80 | . . . 80 Destroy 0b10 Robot/NC 5 | . . . 5 Destroy Leader 10 | . . . 10 Successful Hack 4 | . 4 . . Disable Machine 15 | . . . 15 Destroy Structure 44 | . . . 44 Lose Combat Pursuer 180 | . . . 180 Influence Decreases 182 | . 4 . 178 Time Decay 112 | . 4 . 108 Lost Part 70 | . . . 70 Squads Dispatched 2 | . 1 . 1 Investigation . | . . . . Extermination . | . . . . Reinforcement 2 | . 1 . 1 Assault . | . . . . Garrison . | . . . . Intercept . | . . . . Searches Triggered . | . . . . Construction Impeded . | . . . . Haulers Reinforced . | . . . . Active Scanning Responses . | . . . . Cargo Convoy Interrupts . | . . . . Stealth | -11 -10 -10 -8 --------- Run | Yrd Mat Sub Mat Distress Signals 3 | . 1 . 2 Communications Jammed . | . . . . Distress Signals . | . . . . Times Spotted 32 | . 4 9 19 Peak Tracking Total 15 | . 3 4 15 Tactical Retreats 4 | . . . 4 Traps | -11 -10 -10 -8 ------- Run | Yrd Mat Sub Mat Traps Triggered 1 | . 1 . . Indirectly . | . . . . Trap Hack Attempts . | . . . . Triggered . | . . . . Disarmed . | . . . . Reprogrammed . | . . . . Reused . | . . . . Traps Extracted . | . . . . Installed . | . . . . Triggered . | . . . . Machines | -11 -10 -10 -8 ---------- Run | Yrd Mat Sub Mat Machines Disabled 1 | . . . 1 Max in Single Turn 1 | . . . 1 Machines Repaired . | . . . . Machines Dismantled . | . . . . Machines Sabotaged . | . . . . Overloaded Fab Kills . | . . . . Hacking | -11 -10 -10 -8 --------- Run | Yrd Mat Sub Mat Machines Accessed 2 | . 1 . 1 Terminals 1 | . 1 . . Fabricators . | . . . . Repair Stations . | . . . . Recycling Units 1 | . . . 1 Scanalyzers . | . . . . Garrison Access . | . . . . Total Hacks 3 | . 1 . 2 Successful 2 | . 1 . 1 Failed 1 | . . . 1 Catastrophic . | . . . . Database Lockouts . | . . . . Manual 1 | . 1 . . Terminals 1 | . 1 . . Fabricators . | . . . . Repair Stations . | . . . . Recycling Units 2 | . . . 2 Scanalyzers . | . . . . Garrison Access . | . . . . Terminal Hacks 1 | . 1 . . Dispatch Records 1 | . 1 . . Fabricator Hacks . | . . . . Repair Station Hacks . | . . . . Recycling Unit Hacks 1 | . . . 1 Retrieve Matter 1 | . . . 1 Scanalyzer . | . . . . Garrison Access Hacks . | . . . . Unauthorized Hacks . | . . . . Terminals . | . . . . Fabricators . | . . . . Repair Stations . | . . . . Recycling Units . | . . . . Scanalyzers . | . . . . Garrison Access . | . . . . Data Cores Recovered . | . . . . Used . | . . . . Hacking Detections 1 | . . . 1 Full Trace Events . | . . . . Feedback Events . | . . . . Feedback Blocked . | . . . . Robot Schematics Acquired . | . . . . Robots Built . | . . . . Authchips . | . . . . Time . | . . . . Total Robot Build Rating . | . . . . Part Schematics Acquired . | . . . . Parts Built . | . . . . Authchips . | . . . . Time . | . . . . Total Part Build Rating . | . . . . Parts Repaired . | . . . . Time . | . . . . Parts Recycled . | . . . . Recycled Matter . | . . . . Retrieved Matter . | . . . . Retrieved Components . | . . . . Parts Scanalyzed . | . . . . Part Schematics Acquired . | . . . . Parts Damaged . | . . . . Bothacking | -11 -10 -10 -8 ------------ Run | Yrd Mat Sub Mat Used RIF Installer . | . . . . Robots Hacked . | . . . . Non-combat . | . . . . Combat . | . . . . Robot Hacks Applied . | . . . . Relay Couplers Released . | . . . . Fabnet Peak Effective % . | . . . . Robots Rewired . | . . . . Allies Hacked . | . . . . Hacks Repelled . | . . . . Allies | -11 -10 -10 -8 -------- Run | Yrd Mat Sub Mat Total Allies . | . . . . Largest Group . | . . . . Highest-Rated Group . | . . . . Highest-Rated Ally . | . . . . Total Orders . | . . . . Ally Attacks . | . . . . Total Damage . | . . . . Kills . | . . . . Allies Corrupted . | . . . . Allies Melted . | . . . . Intel | -11 -10 -10 -8 ------- Run | Yrd Mat Sub Mat Active Infowar (turns) . | . . . . Robot Analysis Total . | . . . . Derelict Logs Recovered . | . . . . Drone Launches . | . . . . Drone Recoveries . | . . . . Exploration | -11 -10 -10 -8 ------------- Run | Yrd Mat Sub Mat Turns Passed 1173 | 72 186 513 402 Spaces Moved 572 | 43 64 245 220 Core 131 | 18 . . 113 Treads . | . . . . Legs 441 | 25 64 245 107 Wheels . | . . . . Hover . | . . . . Flight . | . . . . Fastest Speed 50 | 50 120 120 50 Average Speed 144 | 134 120 179 113 Slowest Speed 250 | 200 120 190 250 Overloaded Moves . | . . . . Propulsion Burnouts . | . . . . Robots Hopped . | . . . . Potential Cave-ins . | . . . . Cave-ins Triggered . | . . . . Exploration Rate (%) 13 | 3 11 14 25 Regions Visited 3 Branch Regions 1 Pre-discovered Areas . | . . . . Known Exits Taken . | . . . . Unknown Exits Taken 3 | 1 1 1 . Scrap Searched . | . . . . Spaces Dug . | . . . . Terrain Destroyed 137 | . . 77 60 Melee . | . . . . Projectile 1 | . . . 1 AOE 136 | . . 77 59 Terrain Rammed . | . . . . Walls Destroyed . | . . . . Machines Disabled . | . . . . Actions | -11 -10 -10 -8 --------- Run | Yrd Mat Sub Mat Total 863 | 54 166 298 345 Wait 208 | . 88 38 82 Move 569 | 42 63 244 220 Hop . | . . . . Pick Up 15 | 6 6 2 1 Fast Attach 8 | 6 1 . 1 Attach 7 | . . 1 6 Detach . | . . . . Swap 4 | . . 2 2 Drop 6 | . 4 1 1 Fire 22 | . 4 10 8 Melee . | . . . . Ram 10 | . . . 10 Kick 14 | . . . 14 Crush . | . . . . Escape Stasis . | . . . . Rewire . | . . . . Trap . | . . . . Miscellaneous . | . . . . Route ------- -11/Scrapyard -10/Materials -10/Subcaves -8/Materials History --------- Turn | Location | Event 21 | -11/Scrapyard | Discovered new exit (range 15) 73 | -11/Scrapyard | Entered Materials 247 | -10/Materials | Discovered new exit (range 5) 259 | -10/Materials | Entered Subcaves 260 | -10/Subcaves | Approached by a straggling Scientist 316 | -10/Subcaves | Build established: Mutant 483 | -10/Subcaves | Shifting Twisted Machinery released Sub. Beam Cannon 485 | -10/Subcaves | Discovered new exit (range 5) 499 | -10/Subcaves | Shifting Twisted Machinery released Sub. Optics 710 | -10/Subcaves | Ambushed by Subdweller buried in earth 718 | -10/Subcaves | Ambushed by Subdweller buried in earth 772 | -10/Subcaves | Entered Materials 772 | -8/Materials | Evolved 4 slots: Propulsion x2, Utility x2 976 | -8/Materials | Lost 7 parts (1p3n1u2w) 994 | -8/Materials | Core integrity fell below 50% 1049 | -8/Materials | Core integrity fell below 20% 1081 | -8/Materials | Lost 7 parts (3n1u3w) 1174 | -8/Materials | Destroyed by G-47 Trooper with Particle Gun Last Messages --------------- Imp. Signal Interpreter tumbles out of TF Node. S-10 Pest destroyed. Aluminum Leg destroyed. U-05 Engineer lays Concrete. Rocket Launcher destroyed. U-05 Engineer lays Concrete. Aluminum Leg destroyed. Acquired Rocket Launcher. U-05 Engineer lays Concrete. The unstable cave ceiling collapses. U-05 Engineer lays Concrete. G-47 Trooper destroyed. The unstable cave ceiling collapses. Aluminum Leg destroyed. Rocket Launcher destroyed. Slammed into O-16 Technician. Slammed into T-07 Excavator. [Achievement: Slippery One] Slammed into G-47 Trooper. Critical hit (Burn: +37). Map ----- +----------------------------------------------------+ | | | | | | | | | | | | | | | | | | | | | | | | | | | | | | | | | | | | | ????????????????????????????????###########??? | | ????????????????????????????????# #??? | | ???????????##??###??????????????# ! #??? | | ??????????####################### ! #??? | | ?????????## + #??? | | ?????????## ##+##+######## | | ??????????# g | | ??????????####+######@####### ## | | ???????????# # g !#??# ## | | ??????????## = # #??#//!!//## | | ??????????## ! # #??#//!!//## #####/## | | ??????????## # """ #??######### #?? # | | ???????????# "Y" # """ #??????????# ## ""# | | ???????????# """ + """ #??????????# ## T"# | | ???????????###############??????????# ## ""# | | ????????????????????????????????????# ## ! # | | ????????????????????????????????????# ######## | | ????????????????????????????????????# #?????# | | ????????????????????????????????????# #?????# | | ????????????????????????????????????# #????## | | ???????????????????????????????###### ######/ | | ???????????????????????????????+ | | ???????????????????????????????###### ###### ! | | ???????????????????????????????????## ##???## | | ???????????????????????????????##### #????# | | ???????????????????????????????# #????# | | ???????????????????????????????# ### #????# | | ???????????????????????????????# #?## ##????# | | ???????????????????????????????# ####+###???# | | ???????????????????????????????# # ]##??# | | ??????????????????????????????## # !]] #??# | | ???????????????????????# ???# # !] ##??# | +----------------------------------------------------+ Best States ------------- Heat Dissipation 31 Energy Generation 10 Energy Capacity 125 Matter Stores 243 Matter Capacity 300 Sight Range 16 Terrain Scan Density 10 Armor Coverage 225 Evasion (%) 55 Item Schematics ----------------- None Robot Schematics ------------------ None Fabricated ------------ Nothing Repaired ---------- Nothing Alien Tech Used ----------------- None Achievements -------------- Slippery One Challenges ------------ None Game ------ Seed HardlightHeavyReplicator Manual? 0 Play Time 00:18:45 Cumulative 21.9 hours Start 2025.06.27 @ 11:06:34 End 2025.06.27 @ 12:36:14 Sessions 3 Manual Loads 0 Difficulty Rogue Special Mode None Game No. 27 Rogue 26 Adventurer 1 Explorer 0 Win Type - Total 0 Types 0/0/0/0/0/0/0/0/0/0 Lore% 11 Gallery% 16 Achievement% 19 Wizard Run 0 Options --------- Layout 1 ASCII 1 Keyboard 1 Movement Vi Keybinds 0 Fullscreen 1 Font 24/Smallcaps Map View 50x35 Zoom Use 0% Tactical HUD 0 Map Filters NONE Filters NONE Steam 1 RUN: 117232a6-509a-4826-89b6-35fe56ff8b4c